 Dungeon Crawl Stone Soup version 0.27-a0-32-g443bf2d2ca (webtiles) character file.

Game seed: 4385773198803892838

9456 Essalna the Martial Artist (level 11, 0/83 HPs)
             Began as a Gnoll Transmuter on Jan 4, 2021.
             Slain by an orc warrior
             ... wielding a +3 battleaxe
              (17 damage)
             ... on level 10 of the Dungeon.
             The game lasted 00:28:41 (14141 turns).

Essalna the Martial Artist (Gnoll Transmuter)      Turns: 14141, Time: 00:28:42

Health: 0/83       AC:  2    Str: 12    XL:     11   Next: 46%
Magic:  23/23      EV: 29    Int: 18    God:
Gold:   508        SH:  0    Dex: 22    Spells: 12/26 levels left

rFire    . . .     SeeInvis .     - Unarmed
rCold    . . .     Faith    .   (shield currently unavailable)
rNeg     . . .     Spirit   .   (armour currently unavailable)
rPois    x         Reflect  .   (helmet currently unavailable)
rElec    .         Harm     .   (cloak currently unavailable)
rCorr    .         Rampage  .   (gloves currently unavailable)
Will     +....                  (boots currently unavailable)
Stlth    +++++.....             H - amulet of magic regeneration
HPRegen  0.23/turn              L - ring of stealth
MPRegen  0.43/turn              x - ring of willpower

@: lethally poisoned (0 -> -12), spider-form
A: tiny, distributed training, strong nose
a: End Transformation


You were on level 10 of the Dungeon.
You were a venomous arachnid creature.
You visited 2 branches of the dungeon, and saw 11 of its levels.
You also visited: Sewer.

You collected 508 gold pieces.

Inventory:

Armour
 a - a +0 robe
 k - a +0 pair of gloves
 r - a cursed -1 helmet (melded)
 y - a +0 pair of boots
 z - the +1 leather armour "Diadusomn" (melded) {Will+ Stlth+}
   (You found it on level 6 of the Dungeon)

   It affects your willpower, your defense against some magical effects.
   It makes you more stealthy.
 C - a +0 buckler (melded)
 G - a +0 cloak
 I - a scarf of repulsion (melded)
 Q - a cursed +0 pair of gloves (melded)
Jewellery
 f - an uncursed ring of protection from cold
 x - a ring of willpower (right front leg)
 F - an uncursed ring of ice
 H - an amulet of magic regeneration (around neck)
 L - a ring of stealth (left front leg)
 M - an uncursed amulet of faith
 P - a cursed amulet of inaccuracy {unknown}
 S - an uncursed ring of ice
 T - the ring of Vuovuh {Wiz rElec rC+ Str-4, unknown}
   (You found it on level 8 of the Dungeon)

   [ring of wizardry]

   It improves your spell success rate.
   It affects your strength (-4).
   It protects you from cold.
   It insulates you from electricity.
 U - a cursed -4 ring of dexterity {unknown}
Wands
 d - a wand of random effects (18)
 m - a wand of polymorph (8)
 E - a wand of digging (8)
 J - a wand of acid (7)
 R - a wand of iceblast (7)
Scrolls
 e - 4 scrolls of identify
 h - 7 scrolls of remove curse
 i - 13 scrolls of teleportation
 o - 2 scrolls of random uselessness {unknown}
 w - 5 scrolls of fear {unknown}
 A - 2 scrolls of enchant weapon {unknown}
 B - a scroll of magic mapping
 D - a scroll of blinking {unknown}
 K - a scroll of silence {unknown}
 N - 4 scrolls of amnesia
Potions
 b - 5 potions of flight
 c - a potion of lignification
 g - 3 potions of attraction
 j - 4 potions of degeneration {unknown}
 l - 3 potions of brilliance {unknown}
 n - 3 potions of curing {unknown}
 p - a potion of magic {unknown}
 q - a potion of resistance {unknown}
 s - 4 potions of heal wounds {unknown}
 t - 3 potions of haste {unknown}
 u - a potion of might
 v - a potion of mutation {unknown}
 O - a potion of ambrosia {unknown}


   Skills:
 + Level 6.9 Fighting
 + Level 6.3 Short Blades
 + Level 6.3 Long Blades
 + Level 6.3 Axes
 + Level 6.3 Maces & Flails
 + Level 6.3 Polearms
 + Level 6.3 Staves
 + Level 6.3 Slings
 + Level 6.3 Bows
 + Level 6.3 Crossbows
 + Level 6.3 Throwing
 + Level 6.3 Armour
 + Level 7.9 Dodging
 + Level 6.3 Stealth
 + Level 6.3 Shields
 + Level 9.2 Unarmed Combat
 + Level 8.1 Spellcasting
 + Level 5.2 Conjurations
 + Level 5.2 Hexes
 + Level 5.2 Summonings
 + Level 5.2 Necromancy
 + Level 5.2 Translocations
 + Level 6.5 Transmutations
 + Level 5.2 Fire Magic
 + Level 5.2 Ice Magic
 + Level 5.2 Air Magic
 + Level 5.2 Earth Magic
 + Level 5.2 Poison Magic
 + Level 6.9 Invocations
 + Level 6.3 Evocations


You had 12 spell levels left.
You knew the following spells:

 Your Spells              Type           Power        Failure   Level
a - Beastly Appendage     Tmut           62%          4%          1
b - Spider Form           Tmut/Pois      14%          10%         3
c - Corona                Hex            28%          5%          1
d - Ice Form              Ice/Tmut       28%          22%         4
e - Blade Hands           Tmut           15%          38%         5

Your spell library contained the following spells:

 Spells                   Type           Power        Failure   Level
 Sting                    Tmut/Pois      100%         4%          1
 Animate Skeleton         Necr           52%          5%          1
 Apportation              Tloc           52%          5%          1
 Summon Small Mammal      Summ           100%         5%          1
 Wereblood                Tmut           31%          5%          2
 Ignite Poison            Fire/Tmut/Pois 27%          10%         3
 Summon Lightning Spire   Summ/Air       26%          26%         4
 Alistair's Intoxication  Tmut/Pois      18%          45%         5
 Silence                  Hex/Air        13%          52%         5
 Conjure Ball Lightning   Conj/Air       13%          95%         6
 Haunt                    Necr/Summ      13%          100%        7
 Borgnjor's Revivificati  Necr           13%          100%        8
 Infestation              Necr           13%          100%        8
 Necromutation            Tmut/Necr      14%          100%        8
 Death's Door             Necr           13%          100%        9
 Tornado                  Air            13%          100%        9


Dungeon Overview and Level Annotations

Branches:
Dungeon (10/15)            Temple (1/1) D:4           Sewer (visited)
   Lair: D:8-11         Orc: D:9-12

Altars:
Ashenzari
Cheibriados
Dithmenos
Elyvilon
Fedhas
Gozag
Hepliaklqana
Kikubaaqudgha
Makhleb
Nemelex Xobeh
Okawaru
Qazlal
Ru
Sif Muna
Trog
Uskayaw
Vehumet
Wu Jian
Xom
Yredelemnul
Zin
The Shining One
Lugonu

Shops:
D:5 =(}(   D:7 (   D:9 [

Portals:
Abyss: D:3


Innate Abilities, Weirdness & Mutations

Your experience applies equally to all skills.
((You have very sharp teeth.))
Your uncanny sense of smell can sniff out nearby items.


Message History

The orc warrior looks as sick as possible!
The orc warrior is lightly wounded.
The orc wizard completely misses you.
The orc wizard hits you with a +1 dagger of speed.
The orc warrior hits you with a +3 battleaxe!!
You hit the orc warrior.
The orc warrior looks as sick as possible!
The orc warrior is lightly wounded.
The orc wizard points at you and mumbles some strange words.
The magic dart hits you!
* * * LOW HITPOINT WARNING * * *
The orc hits you with a +0 dagger of venom.
* * * LOW HITPOINT WARNING * * *
You are poisoned.
The orc wizard completely misses you.
You hit the orc warrior.
The orc warrior is moderately wounded.
You feel sick.
The orc warrior hits you with a +3 battleaxe!
You die...

##..........................##
##............###...........##
.............## ##........)##
.............# #........##
.............## ##.......##
........[)....###..o....##
...........)...........##
#...............oo....##
##.....[......[.so...##
##........)))[.....##
##......<<<......##
#################


You could see an orc warrior (extremely poisoned), an orc wizard (fast) and 2
orcs.

Vanquished Creatures
  Erolcha (D:10)
  A boulder beetle (D:8)
  A two-headed ogre (D:10)
  A centaur warrior (D:9)
  An ugly thing (D:10)
  A cyclops (D:8)
  2 hornets
  Prince Ribbit (D:5)
  A water moccasin (D:9)
  6 orc warriors
  The ghost of Anmu the Ruffian, an amateur TrBe of Trog (D:3)
  3 ice beasts
  A black bear (D:7)
  A hornet zombie (D:9)
  A phantom (D:6)
  4 sky beasts
  A necrophage (D:6)
  5 ogres
  6 centaurs
  A big kobold (D:8)
  2 bullfrogs
  A wyvern zombie (D:8)
  3 scorpions
  6 killer bees (D:10)
  13 wights
  2 howler monkeys
  A bullfrog zombie (D:8)
  A jelly (D:8)
  2 hounds
  11 orc wizards
  9 orc priests
  4 bullfrog skeletons
  Terence (D:2)
  3 iguanas
  Natasha (thrice) (D:2)
  4 worker ants
  A killer bee zombie (D:8)
  4 hound skeletons
  A howler monkey zombie (D:8)
  4 gnolls (D:6)
  2 river rats (D:3)
  15 adders
  A shadow imp (D:7)
  3 white imps
  An ufetubus (D:8)
  4 oozes (Sewer)
  An adder skeleton (D:8)
  5 worms
  2 dart slugs
  7 leopard geckos
  38 orcs
  3 ball pythons
  11 bats
  9 giant cockroaches
  7 goblins
  4 hobgoblins
  5 jackals
  4 kobolds
  6 quokkas
  5 frilled lizards
  2 leopard gecko skeletons
  A leopard gecko zombie (D:5)
  8 rats
260 creatures vanquished.

Vanquished Creatures (others)
  2 lurking horrors (D:3)
2 creatures vanquished.

Grand Total: 262 creatures vanquished

Notes
Turn   | Place    | Note
-------+----------+-------------------------------------------
     0 | D:1      | Essalna the Gnoll Transmuter began the quest for the Orb.
     0 | D:1      | Reached XP level 1. HP: 17/17 MP: 6/6
   328 | D:1      | Reached XP level 2. HP: 23/23 MP: 5/7
   771 | D:2      | Noticed a scorpion
   779 | D:2      | Killed a scorpion
   780 | D:2      | Reached skill level 1 in Short Blades
   780 | D:2      | Reached skill level 1 in Long Blades
   780 | D:2      | Reached skill level 1 in Axes
   780 | D:2      | Reached skill level 1 in Maces & Flails
   780 | D:2      | Reached skill level 1 in Polearms
   780 | D:2      | Reached skill level 1 in Staves
   780 | D:2      | Reached skill level 1 in Slings
   780 | D:2      | Reached skill level 1 in Bows
   780 | D:2      | Reached skill level 1 in Crossbows
   780 | D:2      | Reached skill level 1 in Throwing
   780 | D:2      | Reached skill level 1 in Armour
   780 | D:2      | Reached skill level 1 in Stealth
   780 | D:2      | Reached skill level 1 in Shields
   780 | D:2      | Reached skill level 5 in Spellcasting
   780 | D:2      | Reached skill level 1 in Invocations
   780 | D:2      | Reached skill level 1 in Evocations
   780 | D:2      | Reached XP level 3. HP: 8/28 MP: 6/9
   780 | D:2      | Reached XP level 4. HP: 10/34 MP: 7/11
  1129 | D:2      | Noticed Terence
  1141 | D:2      | Killed Terence
  1493 | D:2      | Reached skill level 1 in Conjurations
  1493 | D:2      | Reached skill level 1 in Hexes
  1493 | D:2      | Reached skill level 1 in Summonings
  1493 | D:2      | Reached skill level 1 in Necromancy
  1493 | D:2      | Reached skill level 1 in Translocations
  1493 | D:2      | Reached skill level 1 in Fire Magic
  1493 | D:2      | Reached skill level 1 in Ice Magic
  1493 | D:2      | Reached skill level 1 in Air Magic
  1493 | D:2      | Reached skill level 1 in Earth Magic
  1493 | D:2      | Reached skill level 1 in Poison Magic
  1535 | D:2      | Noticed Natasha
  1543 | D:2      | Killed Natasha
  1544 | D:2      | Reached XP level 5. HP: 33/40 MP: 10/12
  1548 | D:2      | Learned a level 3 spell: Spider Form
  1741 | D:2      | Found an ornate altar of the Wu Jian Council.
  1950 | D:2      | Noticed Natasha
  1957 | D:2      | Killed Natasha
  2116 | D:2      | Noticed Natasha
  2123 | D:2      | Killed Natasha
  2224 | D:3      | Found a runed translucent door.
  2313 | D:3      | Found a glowing drain.
  2317 | Sewer    | Entered a sewer
  2799 | Sewer    | Reached XP level 6. HP: 40/47 MP: 11/13
  3575 | D:3      | Found a snail-covered altar of Cheibriados.
  3782 | D:3      | Found a one-way gate to the infinite horrors of the Abyss.
  3942 | D:3      | Reached skill level 5 in Dodging
  3970 | D:3      | Found a corrupted altar of Lugonu.
  4559 | D:3      | Noticed Anmu's ghost (amateur TrBe)
  4587 | D:3      | Killed Anmu's ghost
  4894 | D:4      | Noticed an orc warrior
  4909 | D:4      | Reached XP level 7. HP: 52/52 MP: 11/15
  4922 | D:4      | Reached skill level 7 in Unarmed Combat
  4998 | D:4      | Found a staircase to the Ecumenical Temple.
  5012 | Temple   | Entered the Ecumenical Temple
  5605 | D:5      | Entered Level 5 of the Dungeon
  5615 | D:5      | Noticed Prince Ribbit
  5637 | D:5      | Killed Prince Ribbit
  5638 | D:5      | Reached XP level 8. HP: 58/60 MP: 14/16
  5860 | D:5      | Found Daesh's Gadget Emporium.
  5883 | D:5      | Found Teeshoaw's Antique Weapon Emporium.
  5929 | D:5      | Found Hovytz's Jewellery Boutique.
  6325 | D:5      | Found Pauserec's Weapon Shoppe.
  6789 | D:6      | Got a shimmering leather armour
  6801 | D:6      | Identified the cursed +1 leather armour "Diadusomn" {Will+
                  | Stlth+} (You found it on level 6 of the Dungeon)
  7618 | D:6      | Reached skill level 5 in Transmutations
  7618 | D:6      | Reached XP level 9. HP: 39/66 MP: 15/18
  8159 | D:7      | Learned a level 1 spell: Corona
  8231 | D:7      | Found a blossoming altar of Fedhas.
  8232 | D:7      | Found a hide-covered altar of Uskayaw.
  8232 | D:7      | Found a sacrificial altar of Ru.
  8233 | D:7      | Found a glowing golden altar of the Shining One.
  8486 | D:7      | Reached skill level 5 in Fighting
  8716 | D:7      | Learned a level 4 spell: Ice Form
  8984 | D:7      | Found Ifear's Antique Weapon Boutique.
  9045 | D:7      | Reached skill level 8 in Unarmed Combat
  9714 | D:8      | Reached skill level 5 in Invocations
  9719 | D:8      | Noticed a cyclops
  9886 | D:8      | Noticed a boulder beetle
  9948 | D:8      | You fall into a shaft and drop 2 floors!
  9948 | D:10     | Entered Level 10 of the Dungeon
 10078 | D:10     | Reached XP level 10. HP: 70/74 MP: 20/20
 10108 | D:10     | Noticed Erolcha
 10133 | D:10     | Killed Erolcha
 10134 | D:10     | Reached skill level 5 in Short Blades
 10134 | D:10     | Reached skill level 5 in Long Blades
 10134 | D:10     | Reached skill level 5 in Axes
 10134 | D:10     | Reached skill level 5 in Maces & Flails
 10134 | D:10     | Reached skill level 5 in Polearms
 10134 | D:10     | Reached skill level 5 in Staves
 10134 | D:10     | Reached skill level 5 in Slings
 10134 | D:10     | Reached skill level 5 in Bows
 10134 | D:10     | Reached skill level 5 in Crossbows
 10134 | D:10     | Reached skill level 5 in Throwing
 10134 | D:10     | Reached skill level 5 in Armour
 10134 | D:10     | Reached skill level 5 in Stealth
 10134 | D:10     | Reached skill level 5 in Shields
 10134 | D:10     | Reached skill level 5 in Evocations
 10507 | D:10     | Noticed a purple ugly thing
 10530 | D:10     | Killed a purple ugly thing
 11533 | D:9      | Noticed a centaur warrior
 11541 | D:9      | Killed a centaur warrior
 11634 | D:9      | Found Qetwuarph's Armour Emporium.
 11844 | D:9      | Found a basalt altar of Yredelemnul.
 12018 | D:9      | Learned a level 5 spell: Blade Hands
 12438 | D:8      | Killed a boulder beetle
 12439 | D:8      | Reached skill level 9 in Unarmed Combat
 12439 | D:8      | Reached XP level 11. HP: 35/83 MP: 22/22
 12687 | D:8      | Found a shimmering blue altar of Sif Muna.
 12687 | D:8      | Found a basalt altar of Yredelemnul.
 12713 | D:8      | Reached skill level 5 in Conjurations
 12713 | D:8      | Reached skill level 5 in Hexes
 12713 | D:8      | Reached skill level 5 in Summonings
 12713 | D:8      | Reached skill level 5 in Necromancy
 12713 | D:8      | Reached skill level 5 in Translocations
 12713 | D:8      | Reached skill level 5 in Fire Magic
 12713 | D:8      | Reached skill level 5 in Ice Magic
 12713 | D:8      | Reached skill level 5 in Air Magic
 12713 | D:8      | Reached skill level 5 in Earth Magic
 12713 | D:8      | Reached skill level 5 in Poison Magic
 12786 | D:8      | Killed a cyclops
 12928 | D:8      | Identified the Disquisition on Transformation
 12939 | D:8      | Got an ancient ivory ring
 13723 | D:10     | Noticed a two-headed ogre
 13781 | D:10     | Killed a two-headed ogre
 14141 | D:10     | Slain by an orc warrior

Illustrated notes

Levels and vault maps discovered:
D:1:      shiori_arrival_elements, layout_basic
D:2:      layout_loops_corners, pdpol_wu_jian_five_deadly_venoms,
          kennysheep_generic_room_14, uniq_terence, uniq_natasha
D:3:      layout_basic, lemuel_crystal_altar, ebering_ghost_sewer_d,
          gup_sewer_entry_spiral, minivault_4, minmay_statues_item,
          amcnicky_altar_lugonu_corruption
D:4:      layout_basic, minmay_temple_entry_wispy
D:5:      layout_basic, serial_shops, nicolae_shop_crystal, shop, shop, shop,
          uniq_prince_ribbit1
D:6:      layout_basic
D:7:      layout_basic, chequers_temple_overflow_statue_of_worship,
          serial_shops, nicolae_shop_stone
D:8:      minmay_the_grid_octo_tiled_octocenter [minmay_the_grid_octo_clover_2,
          minmay_the_grid_octo_odd_swirl, minmay_the_grid_octo_vomiting_pacman,
          minmay_the_grid_octo_chip,
          minmay_the_grid_octo_prize_square_snowflake,
          minmay_the_grid_square_5x5_plus,
          minmay_the_grid_square_5x5_fancy_junction,
          minmay_the_grid_square_5x5_tie, minmay_the_grid_square_5x5_inner_z],
          layout_cave_pools
D:9:      layout_loops_cross, serial_shops, shop_fountains, basic_altar,
          grunt_ministairs_1
D:10:     layout_big_octagon, uniq_josephine, uniq_erolcha
Temple:   nicolae_temple_x_marks_the_god

Skill      XL: |  1  2  3  4  5  6  7  8  9 10 11 |
---------------+----------------------------------+-----
Short Blades   | 1 2 3 4 5 6 |  6.3
Long Blades    | 1 2 3 4 5 6 |  6.3
Axes           | 1 2 3 4 5 6 |  6.3
Maces & Flails | 1 2 3 4 5 6 |  6.3
Polearms       | 1 2 3 4 5 6 |  6.3
Staves         | 1 2 3 4 5 6 |  6.3
Slings         | 1 2 3 4 5 6 |  6.3
Bows           | 1 2 3 4 5 6 |  6.3
Crossbows      | 1 2 3 4 5 6 |  6.3
Throwing       | 1 2 3 4 5 6 |  6.3
Armour         | 1 2 3 4 5 6 |  6.3
Stealth        | 1 2 3 4 5 6 |  6.3
Shields        | 1 2 3 4 5 6 |  6.3
Spellcasting   | 5 6 7 8 |  8.1
Invocations    | 1 2 3 4 5 6 |  6.9
Evocations     | 1 2 3 4 5 6 |  6.3
Conjurations   | 1 2 3 4 5 |  5.2
Hexes          | 1 2 3 4 5 |  5.2
Summonings     | 1 2 3 4 5 |  5.2
Necromancy     | 1 2 3 4 5 |  5.2
Translocations | 1 2 3 4 5 |  5.2
Fire Magic     | 1 2 3 4 5 |  5.2
Ice Magic      | 1 2 3 4 5 |  5.2
Air Magic      | 1 2 3 4 5 |  5.2
Earth Magic    | 1 2 3 4 5 |  5.2
Poison Magic   | 1 2 3 4 5 |  5.2
Fighting       | 3 4 5 6 |  6.9
Transmutations | 4 5 6 |  6.5
Dodging        | 5 6 7 |  7.9
Unarmed Combat | 7 8 9 |  9.2

Action                   |  1- 3 |  4- 6 |  7- 9 | 10-12 || total
-------------------------+-------+-------+-------+-------++-------
Melee: Unarmed           |    18 |   203 |   333 |   259 ||   813
       Kick              |     4 |    37 |     7 |       ||    48
       Bite              |     2 |    16 |     7 |     1 ||    26
       Headbutt          |     1 |    14 |     4 |       ||    19
       Punch             |       |     3 |       |       ||     3
 Cast: Beastly Appendage |     7 |    20 |     5 |       ||    32
       Spider Form       |       |     8 |    43 |    10 ||    61
       Corona            |       |       |     3 |     4 ||     7
       Ice Form          |       |       |       |    18 ||    18
       Blade Hands       |       |       |       |     1 ||     1
  Use: Potion            |       |     4 |       |       ||     4
       Scroll            |       |     2 |     3 |     1 ||     6
 Stab: Sleeping          |     1 |     3 |    10 |     6 ||    20
       Distracted        |       |     1 |       |       ||     1
Armor: Robe              |     3 |    37 |     1 |       ||    41
       Skin              |       |       |     4 |    21 ||    25
       Leather armour    |       |       |       |     2 ||     2
Dodge: Dodged            |    12 |   158 |   240 |   216 ||   626
Block: Buckler           |       |       |     2 |     4 ||     6

Table legend: (Time is in decaauts)
 A = Elapsed time spent in this place.
 B = Non-inter-level travel time spent in this place.
 C = Inter-level travel time spent in this place.
 D = Time resting spent in this place.
 E = Time spent auto-exploring this place.
 F = Levels seen in this place.
 G = Mean time per level.
                   A        B        C        D        E       F      G
               +--------+--------+--------+--------+--------+-----+--------+
         Total |  14281 |  13792 |    489 |    371 |  11030 |  12 | 1190.1 |
       Dungeon |  13121 |  12632 |    489 |    371 |  10316 |  10 | 1312.1 |
        Temple |     68 |     68 |      0 |      0 |     50 |   1 |   68.0 |
         Sewer |   1091 |   1091 |      0 |      0 |    663 |   1 | 1091.0 |
               +--------+--------+--------+--------+--------+-----+--------+

Top non-repeatable levels by time:
     D:3: 1803 daAuts
     D:7: 1660 daAuts
     D:6: 1584 daAuts
     D:9: 1582 daAuts
     D:2: 1508 daAuts
     D:8: 1397 daAuts
    D:10: 1298 daAuts
   Sewer: 1091 daAuts
     D:5: 930 daAuts
     D:4: 682 daAuts
     D:1: 674 daAuts
  Temple: 68 daAuts
